 Dungeon Crawl Stone Soup version 0.17-a0-1731-g129c023 (webtiles) character file.

482 Lippupalvelu the Digger (level 7, -1/36 HPs)
             Began as a Gargoyle Earth Elementalist on Aug 29, 2015.
             Was a Follower of Vehumet.
             Slain by an orc
             ... wielding a +0 flail
              (3 damage)
             ... on level 4 of the Dungeon.
             The game lasted 00:23:01 (4086 turns).

Lippupalvelu the Digger (GrEE)                      Turns: 4086, Time: 00:23:01

Health: -1/36      AC: 11    Str: 12    XL:     7   Next: 12%
Magic:  5/14       EV: 12    Int: 17    God:    Vehumet [*.....]
Gold:   211        SH:  0    Dex: 10    Spells: 3 memorised, 10 levels left

rFire  . . .     SeeInvis .     o - +2 hand axe (flame)
rCold  + + .     Clarity  .     y - +0 robe
rNeg   + . .     SustAt   .     (no shield)
rPois  ∞         Gourm    .     w - +0 helmet (curse)
rElec  +         Spirit   .     (no cloak)
rCorr  +         Warding  .     p - +0 pair of gloves
rMut   .         Stasis   .     x - +2 pair of boots
MR     .....                    (no amulet)
Stlth  ++........               (no ring)
                                z - ring of ice

@: resistant, not resistant to hostile enchantments, unstealthy
A: negative energy resistance 1, electricity resistance, unbreathing,
petrification resistance, rot immunity, AC +4
a: Renounce Religion


You were on level 4 of the Dungeon.
You worshipped Vehumet.
Vehumet was aware of your devotion.
You were not hungry.

You visited 1 branch of the dungeon, and saw 4 of its levels.

You collected 211 gold pieces.

Inventory:

Hand weapons
 g - a +0 dagger
 o - a +2 hand axe of flaming (weapon)
Missiles
 a - 16 stones (quivered)
 e - 3 tomahawks
Armour
 b - a +0 robe
 p - a +0 pair of gloves (worn)
 w - a cursed +0 helmet (worn)
 x - a +2 pair of boots (worn)
 y - a +0 robe (worn)
 A - a +0 helmet
Jewellery
 z - a ring of ice (left hand)
Magical devices
 s - a wand of fireball (7)
 u - a wand of slowing (0)
Scrolls
 i - 5 scrolls of identify
 j - 2 scrolls of remove curse {unknown}
 m - a scroll of random uselessness {unknown}
 n - a scroll of enchant armour
Potions
 f - a potion of resistance
 l - a potion of brilliance {unknown}
 q - a potion of curing
 r - a potion of haste {unknown}
 t - a potion of poison {unknown}
 B - a potion of berserk rage {unknown}
 C - a potion of lignification {unknown}
Books
 c - a book of Geomancy

   Spells                             Type                      Level
   a - Sandblast                      Earth                        1
   b - Stoneskin                      Transmutation/Earth          2
   c - Passwall                       Transmutation/Earth          3
   d - Stone Arrow                    Conjuration/Earth            3
   e - Petrify                        Transmutation/Earth          4
   f - Lee's Rapid Deconstruction     Earth                        5
Comestibles
 d - 4 bread rations
 h - 3 meat rations
 k - 2 beef jerkies
 v - 4 chunks of flesh


   Skills:
 - Level 1.5 Dodging
 - Level 2.1 Stealth
 * Level 5.2 Spellcasting
 + Level 3.2 Conjurations
 - Level 0.7 Transmutations
 + Level 5.5 Earth Magic


You had 10 spell levels left.
You knew the following spells:

 Your Spells              Type           Power        Failure   Level  Hunger
a - Sandblast             Erth           ###...       1%          1    None
b - Stoneskin             Trmt/Erth      ###.....     10%         2    #......
c - Stone Arrow           Conj/Erth      ###...       10%         3    ###....


Dungeon Overview and Level Annotations

Branches:
Dungeon (4/15)
 Temple: D:4-7

Altars:
Vehumet
Xom


Innate Abilities, Weirdness & Mutations

You are resistant to torment.
Your stone body is resilient (AC +4).
You are immune to poison.
You resist negative energy.
You are resistant to electric shocks.
You can survive without breathing.
You are immune to petrification.
You are immune to rotting.


Message History

Press: ? - help, Shift-Dir - straight line, f/p - orc
Aim: an orc, wielding a dagger and wearing a scale mail (almost dead)
The blast of sand misses the orc.
Casting: Sandblast
Confirm with . or Enter, or press ? or * to list all spells.
Aiming: Sandblast
Press: ? - help, Shift-Dir - straight line, f/p - orc
Aim: an orc, wielding a dagger and wearing a scale mail (almost dead)
The blast of sand misses the orc.
The orc hits you but does no damage.
You closely miss the orc.
The orc is almost dead.
You barely miss the orc. The orc hits you with a flail.
* * * LOW HITPOINT WARNING * * *
The orc closely misses you.
You hit the orc but do no damage.
The orc is almost dead.
You closely miss the orc. The orc hits you with a flail.
* * * LOW HITPOINT WARNING * * *
The orc closely misses you. The orc hits you with a flail.
You die...

#...... ###..
#..<..# #.. #....#
### #....##
##.....#########
##...)..........#
###....)..#####....
###.†..###### ###..
#..o@### ####...
#.%o## #.###......
#..# ...........
#.. ..######... #..
##... ## #...#
##.### ##.## #.##


You could see 2 orcs.

Vanquished Creatures
  Grinder (D:3)
  Blork the orc (D:4)
  An iguana (D:4)
  Terence (D:2)
  Natasha (thrice) (D:2)
  A hound skeleton (D:4)
  Robin (D:3)
  4 adders
  2 worms
  3 giant geckos
  4 orcs (D:3)
  A ball python (D:3)
  2 giant cockroaches
  10 goblins (D:3)
  6 hobgoblins
  5 jackals
  A quokka (D:2)
  4 bats
  5 giant newts
  8 kobolds
  3 rats
67 creatures vanquished.

Notes
Turn   | Place    | Note
--------------------------------------------------------------
     0 | D:1      | Lippupalvelu the Gargoyle Earth Elementalist began the quest for the Orb.
     0 | D:1      | Reached XP level 1. HP: 10/10 MP: 3/3
   492 | D:1      | Reached XP level 2. HP: 9/15 MP: 0/5
   634 | D:1      | Reached skill level 4 in Earth Magic
   840 | D:2      | Reached XP level 3. HP: 19/19 MP: 4/7
   905 | D:2      | Learned a level 2 spell: Stoneskin
   909 | D:2      | Learned a level 3 spell: Stone Arrow
   938 | D:2      | Noticed Natasha
   943 | D:2      | Killed Natasha
  1046 | D:2      | Reached XP level 4. HP: 24/24 MP: 2/8
  1083 | D:2      | Noticed Natasha
  1092 | D:2      | Killed Natasha
  1332 | D:2      | Reached skill level 1 in Conjurations
  1401 | D:2      | Found a shimmering altar of Xom.
  1407 | D:2      | Found a radiant altar of Vehumet.
  1419 | D:2      | Became a worshipper of Vehumet
  1992 | D:2      | Noticed Natasha
  1998 | D:2      | Killed Natasha
  2394 | D:3      | Noticed Terence
  2471 | D:2      | Killed Terence
  2808 | D:3      | Reached XP level 5. HP: 28/28 MP: 1/10
  3250 | D:3      | Noticed Grinder
  3257 | D:3      | Acquired Vehumet's first power
  3257 | D:3      | Offered knowledge of Flame Tongue by Vehumet.
  3264 | D:3      | Paralysed by Grinder for 3 turns
  3272 | D:3      | Killed Grinder
  3272 | D:3      | Reached skill level 5 in Earth Magic
  3272 | D:3      | Reached XP level 6. HP: 18/32 MP: 5/13
  3432 | D:3      | Noticed Robin
  3465 | D:3      | Killed Robin
  4025 | D:4      | Noticed Blork the orc
  4034 | D:4      | Killed Blork the orc
  4034 | D:4      | Reached skill level 5 in Spellcasting
  4034 | D:4      | Reached XP level 7. HP: 31/36 MP: 10/14
  4086 | D:4      | Slain by an orc

Vault maps used:
D:1:      dpeg_arrival_arbitrary_c
D:2:      xom_teletrap_fun, fiery_altar_vehumet, first_bread, item_on_display_a,
          uniq_natasha
D:3:      supply_closet_lemuel, uniq_robin, uniq_grinder, uniq_terence
D:4:      uniq_blork_the_orc

Action                   |  1- 3 |  4- 6 |  7- 9 || total
-------------------------+-------+-------+-------++-------
Melee: Dagger            |     6 |       |       ||     6
       Hand axe          |       |    66 |     5 ||    71
 Cast: Sandblast         |    28 |   100 |    14 ||   142
  Use: Scroll            |       |     4 |       ||     4
       Potion            |       |       |     2 ||     2
  Eat: Chunk             |     1 |     4 |       ||     5
       Meat ration       |       |     1 |       ||     1
